 Dungeon Crawl Stone Soup version 0.19.0-18-g426998a (webtiles) character file.

35 Jerry the Firebug (level 3, -1/24 HPs)
             Began as a Demonspawn Fire Elementalist on Nov 11, 2016.
             Slain by Natasha (10 damage)
             ... on level 2 of the Dungeon.
             The game lasted 00:04:14 (1545 turns).

Jerry the Firebug (Demonspawn Fire Elementalist)    Turns: 1545, Time: 00:04:14

Health: -1/24      AC:  2    Str:  8    XL:     3   Next: 17%
Magic:  3/6        EV: 12    Int: 17    God:
Gold:   19         SH:  0    Dex: 13    Spells: 2 memorised, 3 levels left

rFire  . . .     SeeInvis .     d - +0 dagger
rCold  + . .     Gourm    .     a - +0 robe
rNeg   . . .     Faith    .     (no shield)
rPois  .         Spirit   .     (no helmet)
rElec  .         Reflect  .     (no cloak)
rCorr  .         Harm     .     (no gloves)
MR     .....                    (no boots)
Stlth  ++........               (no amulet)
                                (no ring)
                                l - +1 ring of slaying

@: very slightly contaminated
A: cold resistance 1, powered by pain 1
a: no special abilities


You were on level 2 of the Dungeon.
You were near starving.

You visited 1 branch of the dungeon, and saw 2 of its levels.

You collected 19 gold pieces.

Inventory:

Hand Weapons
 d - a +0 dagger (weapon)
Armour
 a - a +0 robe (worn)
Jewellery
 l - a +1 ring of slaying (left hand)
Scrolls
 j - 4 scrolls of identify {unknown}
Potions
 e - a potion of curing {unknown}
 f - a potion of agility {unknown}
 g - a potion of degeneration {unknown}
 i - a potion of flight {unknown}
 k - 2 potions of mutation {unknown}
Books
 b - a book of Flames

   Spells                             Type                      Level
   a - Flame Tongue                   Conjuration/Fire             1
   b - Throw Flame                    Conjuration/Fire             2
   c - Conjure Flame                  Conjuration/Fire             3
   d - Inner Flame                    Hexes/Fire                   3
   e - Sticky Flame                   Conjuration/Fire             4
   f - Fireball                       Conjuration/Fire             5
Comestibles
 c - 2 bread rations
 h - a beef jerky


   Skills:
 - Level 1.7 Dodging
 - Level 1.7 Stealth
 + Level 2.4 Spellcasting
 + Level 1.6 Conjurations
 + Level 3.3 Fire Magic


You had 3 spell levels left.
You knew the following spells:

 Your Spells              Type           Power        Failure   Level  Hunger
a - Flame Tongue          Conj/Fire      ##...        10%         1    #......
b - Throw Flame           Conj/Fire      ##....       12%         2    ##.....


Dungeon Overview and Level Annotations

Branches:
Dungeon (2/15)

Altars:

Annotations:
D:2 Natasha


Innate Abilities, Weirdness & Mutations

Your flesh is cold resistant. (rC+)
You sometimes gain a little power by taking damage.


Message History

Press: ? - help, Shift-Dir - straight line, f/p - Natasha
Aim: Natasha (heavily wounded)
You miscast Flame Tongue.
Your skin glows momentarily.
You are near starving!
Natasha claws you but does no damage.
Casting: Flame Tongue
Confirm with . or Enter, or press ? or * to list all spells.
Aiming: Flame Tongue
Press: ? - help, Shift-Dir - straight line, f/p - Natasha
Aim: Natasha (heavily wounded)
The flame tongue misses Natasha.
Natasha casts a spell.
Casting: Flame Tongue
Confirm with . or Enter, or press ? or * to list all spells.
Aiming: Flame Tongue
Press: ? - help, Shift-Dir - straight line, f/p - Natasha
Aim: Natasha (heavily wounded)
You miscast Flame Tongue.
Lukewarm flames ripple over your body. Natasha claws you!
You die...

.. ..# #.# #.# #.#
#?# #############.#
#........<.@h.#
#.###########.#
#........(.[..#
#.#####.#####.# #.#
#.# #.# #.# #<# #.#
#.# #.# #.#
#.####.#####.#####.#
...................#


You could see Natasha.

Vanquished Creatures
  An adder (D:2)
  A dart slug (D:1)
  A leopard gecko (D:1)
  2 giant cockroaches (D:1)
  4 goblins (D:1)
  A hobgoblin (D:1)
  4 kobolds (D:1)
  2 ball pythons (D:1)
  2 bats (D:1)
  2 frilled lizards (D:1)
  2 rats (D:1)
22 creatures vanquished.

Notes
Turn   | Place    | Note
-------+----------+-------------------------------------------
     0 | D:1      | Jerry the Demonspawn Fire Elementalist began the quest for the Orb.
     0 | D:1      | Reached XP level 1. HP: 13/13 MP: 3/3
   392 | D:1      | Reached skill level 3 in Fire Magic
   418 | D:1      | Gained mutation: You sometimes gain a little power by taking damage. [demonic ancestry]
   418 | D:1      | Reached XP level 2. HP: 11/19 MP: 0/5
   622 | D:1      | Learned a level 2 spell: Throw Flame
  1454 | D:2      | Gained mutation: Your flesh is cold resistant. (rC+) [demonic ancestry]
  1454 | D:2      | Reached XP level 3. HP: 24/24 MP: 0/6
  1532 | D:2      | Noticed Natasha
  1545 | D:2      | Slain by Natasha

Skill      XL: |  1 |
---------------+----+-----
Fire Magic     | 3 |  3.3
Dodging        | |  1.7
Stealth        | |  1.7
Spellcasting   | |  2.4
Conjurations   | |  1.6

Action                   || total
-------------------------++-------
Melee: Dagger            ||    19
 Cast: Flame Tongue      ||    42
       Throw Flame       ||     2
  Eat: Chunk             ||     1
Armor: Robe              ||     6
Dodge: Dodged            ||    17
